 Dungeon Crawl Stone Soup version 0.27.1-4-g1640c2035a (webtiles) character file.

Game seed: 1094799389769891030

5986 DearestLeader the Cleaver (level 10, -2/88 HPs)
             Began as a Minotaur Fighter on Nov 1, 2021.
             Was an Elder of Okawaru.
             Slain by a tengu warrior (19 damage)
             ... on level 10 of the Dungeon.
             The game lasted 00:16:25 (11622 turns).

DearestLeader the Cleaver (Minotaur Fighter)       Turns: 11622, Time: 00:16:25

Health: -2/88      AC: 16    Str: 23    XL:     10   Next: 55%
Magic:  28/29      EV:  8    Int:  6    God:    Okawaru [****..]
Gold:   433        SH: 14    Dex: 10    Spells: 9/9 levels left

rFire    . . .     SeeInvis .   y - +1 war axe (freeze)
rCold    . . .     Faith    .   c - +0 kite shield
rNeg     . . .     Spirit   .   D - +0 plate armour
rPois    .         Reflect  .   (helmet restricted)
rElec    .         Harm     .   b - scarf {repulsion}
rCorr    .         Rampage  .   (no gloves)
Will     .....                  A - +0 pair of boots
Stlth    ..........             t - amulet of the acrobat
HPRegen  0.24/turn              e - ring of magical power
MPRegen  0.21/turn              G - ring of magical power

@: heroic, repel missiles
A: horns 2, retaliatory headbutt
a: Renounce Religion, Heroism


You were on level 10 of the Dungeon.
You worshipped Okawaru.
Okawaru was greatly pleased with you.
You visited 2 branches of the dungeon, and saw 11 of its levels.
You also visited: Ossuary.

You collected 433 gold pieces.

Inventory:

Hand Weapons
 n - a +0 hand crossbow
 y - a +1 war axe of freezing (weapon)
Missiles
 s - a throwing net
 F - 4 javelins (quivered)
Armour
 b - a scarf of repulsion (worn)
 c - a +0 kite shield (worn)
 l - a +0 cloak
 A - a +0 pair of boots (worn)
 D - a +0 plate armour (worn)
 K - +0 acid dragon scales
Jewellery
 e - a ring of magical power (left hand)
 j - a ring of ice
 t - an amulet of the acrobat (around neck)
 G - a ring of magical power (right hand)
Wands
 o - a wand of flame (19)
 r - a wand of acid (18)
 w - a wand of digging (4)
 E - a wand of iceblast (6)
Scrolls
 a - a scroll of brand weapon {unknown}
 f - a scroll of fear
 g - a scroll of noise
 k - 2 scrolls of teleportation
 m - 5 scrolls of identify
 u - 3 scrolls of vulnerability {unknown}
 B - a scroll of immolation {unknown}
 C - a scroll of enchant armour {unknown}
 I - a scroll of acquirement {unknown}
Potions
 d - 2 potions of ambrosia {unknown}
 h - 3 potions of curing
 i - a potion of might
 p - 2 potions of invisibility {unknown}
 q - a potion of cancellation {unknown}
 v - a potion of haste {unknown}
 x - a potion of mutation {unknown}
 z - a potion of resistance {unknown}
 H - a potion of degeneration {unknown}
 J - a potion of attraction {unknown}


   Skills:
 + Level 7.8(12.8) Fighting
 * Level 13.1(18.1) Axes
 + Level 6.3(11.3) Armour
 + Level 10.0(15.0) Shields
 + Level 3.8 Invocations


You had 9 spell levels left.
You didn't know any spells.
Your spell library contained the following spells:

 Spells                   Type           Power      Damage    Failure   Level
 Magic Dart               Conj           0%         1d3       99%         1
 Ensorcelled Hibernation  Hex/Ice        0%         N/A       100%        2
 Searing Ray              Conj           0%         3d3       100%        2
 Slow                     Hex            0%         N/A       100%        2
 Confusing Touch          Hex            0%         N/A       100%        3
 Spider Form              Tmut/Pois      0%         N/A       100%        3
 Fulminant Prism          Conj/Hex       0%         3d6       100%        4
 Yara's Violent Unravell  Hex/Tmut       0%         3d3       100%        5
 Shadow Creatures         Summ           N/A        N/A       100%        6


Dungeon Overview and Level Annotations

Branches:
Dungeon (10/15)            Temple (1/1) D:5             Orc (0/2) D:9
Ossuary (visited)
   Lair: D:8-11

Altars:
Ashenzari
Cheibriados
Dithmenos
Elyvilon
Fedhas
Gozag
Hepliaklqana
Kikubaaqudgha
Makhleb
Nemelex Xobeh
Okawaru
Qazlal
Ru
Sif Muna
Trog
Uskayaw
Vehumet
Wu Jian
Xom
Yredelemnul
Zin
The Shining One

Shops:
D:3 [


Innate Abilities, Weirdness & Mutations

You have a pair of horns on your head.
You reflexively headbutt those who attack you in melee.


Message History

A shadow comes into view.
You hit the tengu warrior but do no damage.
The tengu warrior is lightly wounded.
The tengu warrior hits you with a +1 great mace of holy wrath!
The tengu warrior pecks you but does no damage.
You block the tengu warrior's attack.
The gnoll sergeant hits you from afar with a +1 antimagic trident.
You miss the tengu warrior. Your headbutt misses the tengu warrior.
The tengu warrior is lightly wounded.
You block the tengu warrior's attack.
The tengu warrior pecks you but does no damage.
The tengu warrior claws you but does no damage.
You block the gnoll sergeant's attack.
Unknown command.
You hit the tengu warrior but do no damage.
The tengu warrior is lightly wounded.
The tengu warrior hits you with a +1 great mace of holy wrath!
You block the tengu warrior's attack.
The tengu warrior claws you but does no damage.
You barely miss the tengu warrior. Your headbutt misses the tengu warrior.
The tengu warrior is lightly wounded.
The gnoll sergeant misses you.
The tengu warrior hits you with a +1 great mace of holy wrath!
The tengu warrior pecks you but does no damage.
The tengu warrior claws you but does no damage.
You closely miss the tengu warrior.
The tengu warrior is lightly wounded.
You hit the gnoll sergeant. You freeze the gnoll sergeant.
You closely miss the gnoll.
The tengu warrior hits you with a +1 great mace of holy wrath!
* * * LOW HITPOINT WARNING * * *
The tengu warrior barely misses you. The tengu warrior claws you.
* * * LOW HITPOINT WARNING * * *
You block the gnoll sergeant's attack.
You hit the tengu warrior. You freeze the tengu warrior.
The tengu warrior is moderately wounded.
You barely miss the gnoll sergeant. You barely miss the gnoll.
You block the gnoll's attack.
The tengu warrior hits you with a +1 great mace of holy wrath!!
You die...

## #.# #. .. ...
...# ##.# #.#
#.#.#
##...........$.
..#.#.#.#.#.#..
##.....W......
..#.#.#g#.#.#.#
.....WQ@gg.....
..#.#.#.#.#.##.
##...........#
#.#.#.#.#.#.##
#.......######
#............#
#....(..##...#...
#.......##...#...#
#........#...#...#


You could see a tengu warrior, a gnoll sergeant, 2 shadows and 2 gnolls.

Vanquished Creatures
  A two-headed ogre (D:9)
  A gargoyle (D:9)
  2 trolls
  Menkaure (D:4)
  Edmund (D:3)
  Duvessa (D:4)
  2 water moccasins
  An acid dragon (D:10)
  An orc warrior (D:9)
  An ice beast (D:7)
  3 sky beasts
  A necrophage (D:7)
  6 centaurs
  2 phantoms
  5 kobold brigands
  3 elf zombies (Ossuary)
  2 bullfrogs (D:7)
  A wyvern zombie (D:7)
  A gnoll sergeant (D:6)
  Dowan (D:4)
  3 elf skeletons (D:5)
  A scorpion (D:6)
  A water moccasin skeleton (D:5)
  3 killer bees (D:9)
  6 centaur zombies
  A bullfrog zombie (D:5)
  A human zombie (Ossuary)
  3 hounds
  Crazy Yiuf (D:2)
  A bullfrog skeleton (D:7)
  5 orc priests
  A jelly (D:3)
  3 centaur skeletons
  6 iguanas
  9 orc wizards
  2 human skeletons (D:5)
  Natasha (twice) (D:4)
  A killer bee zombie (D:5)
  A hound zombie (Ossuary)
  3 mummies (Ossuary)
  7 gnolls (D:6)
  5 adders
  A shadow imp (D:8)
  A white imp (D:6)
  4 adder zombies (Ossuary)
  A dart slug (D:2)
  33 orcs
  5 ball pythons
  6 endoplasms
  3 giant cockroaches
  4 goblins
  6 hobgoblins
  6 jackals (D:1)
  6 quokkas
  4 bats
  4 frilled lizards
  4 goblin zombies (Ossuary)
  4 hobgoblin zombies (Ossuary)
  3 jackal zombies (Ossuary)
  31 kobolds
  2 kobold zombies (Ossuary)
  4 orc skeletons (D:5)
  4 orc zombies
  A quokka zombie (Ossuary)
  4 rats
  5 rat zombies (Ossuary)
249 creatures vanquished.

Vanquished Creatures (others)
  An orc wizard (D:8)
1 creature vanquished.

Grand Total: 250 creatures vanquished

Notes
Turn   | Place    | Note
-------+----------+-------------------------------------------
     0 | D:1      | DearestLeader the Minotaur Fighter began the quest for the
                  | Orb.
     0 | D:1      | Reached XP level 1. HP: 19/19 MP: 0/0
   175 | D:1      | Reached XP level 2. HP: 19/27 MP: 1/1
   289 | D:1      | Reached skill level 3 in Axes
   794 | D:1      | Reached XP level 3. HP: 33/33 MP: 2/2
  1440 | D:2      | Found a runed translucent door.
  1441 | D:2      | Noticed Crazy Yiuf
  1690 | D:2      | Killed Crazy Yiuf
  1691 | D:2      | Reached skill level 4 in Axes
  1691 | D:2      | Reached XP level 4. HP: 12/40 MP: 3/3
  2064 | D:3      | Noticed a kobold brigand
  2077 | D:3      | Killed a kobold brigand
  2078 | D:3      | Reached skill level 5 in Axes
  2078 | D:3      | Reached XP level 5. HP: 6/46 MP: 4/4
  2359 | D:3      | Reached skill level 5 in Shields
  2784 | D:3      | Found Ziloa's Armour Emporium.
  2994 | D:3      | Reached skill level 6 in Axes
  2994 | D:3      | Reached XP level 6. HP: 41/52 MP: 5/5
  3192 | D:4      | Noticed Edmund
  3215 | D:3      | Killed Edmund
  3216 | D:3      | Reached skill level 7 in Axes
  3429 | D:4      | Found a sacrificial altar of Ru.
  4056 | D:4      | Noticed Menkaure
  4056 | D:4      | Noticed Duvessa
  4057 | D:4      | Noticed Dowan
  4315 | D:4      | Noticed Natasha
  4326 | D:4      | Killed Natasha
  4511 | D:4      | Killed Duvessa
  4512 | D:4      | Reached XP level 7. HP: 36/59 MP: 6/6
  4639 | D:4      | Noticed Natasha
  4647 | D:4      | Killed Dowan
  4649 | D:4      | Killed Natasha
  4847 | D:4      | Killed Menkaure
  4848 | D:4      | Reached skill level 8 in Axes
  5012 | D:5      | Entered Level 5 of the Dungeon
  5036 | D:5      | Found a staircase to the Ecumenical Temple.
  5043 | Temple   | Entered the Ecumenical Temple
  5125 | Temple   | Became a worshipper of Warmaster Okawaru
  5170 | D:5      | Reached skill level 5 in Fighting
  5186 | D:5      | Found a sand-covered staircase.
  5191 | D:5      | Reached XP level 8. HP: 63/68 MP: 7/7
  5194 | Ossuary  | Entered an ossuary
  5286 | Ossuary  | Reached skill level 9 in Axes
  5400 | Ossuary  | Reached * piety under Okawaru
  5663 | D:5      | Reached skill level 10 in Axes
  6051 | D:5      | Reached ** piety under Okawaru
  6290 | D:5      | Reached XP level 9. HP: 53/75 MP: 8/8
  6615 | D:6      | Reached skill level 11 in Axes
  7739 | D:7      | Reached skill level 1 in Invocations
  7804 | D:7      | Reached *** piety under Okawaru
  8112 | D:7      | Reached skill level 12 in Axes
  8349 | D:7      | Reached skill level 5 in Armour
  9355 | D:8      | Reached XP level 10. HP: 76/84 MP: 11/11
  9849 | D:9      | Reached **** piety under Okawaru
 10587 | D:9      | Noticed a gargoyle
 10592 | D:9      | Killed a gargoyle
 10758 | D:9      | Noticed a two-headed ogre
 10771 | D:9      | Killed a two-headed ogre
 10842 | D:9      | Found a staircase to the Orcish Mines.
 11038 | D:10     | Entered Level 10 of the Dungeon
 11050 | D:10     | Reached skill level 13 in Axes
 11050 | D:10     | Reached skill level 10 in Shields
 11609 | D:10     | Noticed a tengu warrior
 11622 | D:10     | Slain by a tengu warrior

Illustrated notes

Levels and vault maps discovered:
D:1:      roderic_octagonal_star, layout_basic
D:2:      layout_rooms, minmay_misc_feat_square, serial_bayou_lagoon_b,
          uniq_crazy_yiuf_cottage
D:3:      cheibrodos_thug_alley, layout_rooms, serial_shops, shop
D:4:      layout_cave_pods, nicolae_ru_awakened_eye, uniq_natasha, uniq_duvessa,
          uniq_edmund, uniq_menkaure
D:5:      layout_basic, minmay_temple_entry_ruins,
          nicolae_ossuary_entry_catacombs, kennysheep_cross_room
D:6:      layout_cave_pods, minivault_27
D:7:      layout_rooms
D:8:      layout_cave_pools
D:9:      layout_basic, orc_0_dummy
D:10:     layout_stronghold, lair_entry_dummy, st_stairs_11, eino_curves_02,
          kennysheep_path_1
Temple:   nicolae_temple_the_god_donut

Skill      XL: |  1  2  3  4  5  6  7  8  9 10 |
---------------+-------------------------------+-----
Axes           | 3 4 5 6 7 8 10 12 13 | 13.1
Armour         | 4 5 6 |  6.3
Fighting       | 4 5 6 7 |  7.8
Shields        | 4 5 6 8 9 10 | 10.0
Invocations    | 2 3 |  3.8

Action                   |  1- 3 |  4- 6 |  7- 9 | 10-12 || total
-------------------------+-------+-------+-------+-------++-------
Melee: War axe           |    53 |       |   137 |    97 ||   287
       Headbutt          |    11 |    21 |    86 |     9 ||   127
       Whip              |    39 |    93 |       |       ||   132
       Flail             |       |    41 |   288 |       ||   329
Invok: Heroism           |       |       |       |     3 ||     3
  Use: Potion            |       |     2 |       |       ||     2
       Scroll            |       |     4 |     4 |       ||     8
Armor: Scale mail        |    54 |    63 |   106 |       ||   223
       Chain mail        |       |       |    53 |     4 ||    57
       Plate armour      |       |       |       |    57 ||    57
Dodge: Dodged            |    27 |    31 |   127 |    30 ||   215
       Repelled          |       |       |       |     1 ||     1
Block: Kite shield       |    58 |    75 |   231 |    66 ||   430
